 Dungeon Crawl Stone Soup version 0.24.0 (webtiles) character file.

Game seed: 9907371983228185624, levelgen mode: deterministic

8368 Mrkan the Grappler (level 11, 0/112 (113) HPs)
             Began as a Troll Monk on Oct 25, 2019.
             Was a Follower of Uskayaw.
             Slain by an iguana (7 damage)
             ... on level 1 of the Lair of Beasts.
             The game lasted 00:13:38 (8676 turns).

Mrkan the Grappler (Troll Monk)                     Turns: 8676, Time: 00:13:38

HP:   0/112 (113)   AC: 11    Str: 21    XL:     11   Next: 9%
MP:   10/10         EV: 10    Int:  9    God:    Uskayaw [*.....]
Gold: 762           SH:  0    Dex: 12    Spells: 10/10 levels left

rFire    + . .     SeeInvis .     - Unarmed
rCold    . . .     Gourm    +   (no shield)
rNeg     . . .     Faith    .   a - +0 robe
rPois    .         Spirit   .   (helmet restricted)
rElec    .         Reflect  .   q - scarf {repulsion}
rCorr    .         Harm     .   (gloves unavailable)
MR       .....                  (boots unavailable)
Stlth    ++........             (no amulet)
HPRegen  0.68/turn              r - +5 ring of protection
MPRegen  0.12/turn              C - ring of protection from fire

@: repel missiles
A: large, unfitting armour, claws 3, fast metabolism 3, gourmand, regeneration
1, shaggy fur 1, tough skin 3
a: Stomp, Renounce Religion


You were on level 1 of the Lair of Beasts.
You worshipped Uskayaw.
Uskayaw was noncommittal.
You were full.

You visited 2 branches of the dungeon, and saw 10 of its levels.
You also visited: Ossuary.

You collected 762 gold pieces.

Inventory:

Hand Weapons
 O - a +4 scimitar of flaming
Missiles
 d - 5 large rocks
 o - 503 stones (quivered)
Armour
 a - a +0 robe (worn)
 q - a scarf of repulsion (worn)
Jewellery
 r - a +5 ring of protection (left claw)
 C - a ring of protection from fire (right claw)
Wands
 u - a wand of random effects (23)
 A - a wand of digging (5)
 D - a wand of enslavement (6)
 E - a wand of polymorph (19)
 F - a wand of flame (17)
 K - a wand of iceblast (7)
Scrolls
 c - 2 scrolls of blinking {unknown}
 e - 4 scrolls of magic mapping {unknown}
 h - 6 scrolls of teleportation
 j - a scroll of amnesia {unknown}
 l - 3 scrolls of enchant armour
 n - 3 scrolls of enchant weapon
 s - 11 scrolls of remove curse
 w - a scroll of immolation {unknown}
 y - a scroll of noise {unknown}
 B - 2 scrolls of random uselessness {unknown}
 I - 6 scrolls of identify
 J - 3 scrolls of fog {unknown}
Potions
 f - 5 potions of heal wounds
 g - 6 potions of curing
 i - 3 potions of might
 k - 3 potions of agility {unknown}
 m - a potion of haste
 p - a potion of berserk rage {unknown}
 t - a potion of degeneration {unknown}
 v - 2 potions of resistance {unknown}
 x - 2 potions of invisibility
 z - a potion of lignification {unknown}
 H - a potion of magic {unknown}
 L - a potion of ambrosia {unknown}
 M - a potion of mutation {unknown}
Comestibles
 b - 28 rations
 G - 6 chunks of flesh


   Skills:
 + Level 8.8 Fighting
 * Level 9.0 Throwing
 - Level 2.4 Dodging
 - Level 1.0 Stealth
 - Level 10.5 Unarmed Combat


You had 10 spell levels left.
You didn't know any spells.
Your spell library contained the following spells:

 Spells                   Type           Power        Failure   Level  Hunger
 Poisonous Vapours        Pois/Air       #.....       52%         2    ###....
 Conjure Flame            Conj/Fire      #.......     77%         3    ####...
 Mephitic Cloud           Conj/Pois/Air  #.......     77%         3    ####...
 Bolt of Magma            Conj/Fire/Erth #.........   100%        5    ######.
 Iskenderun's Battlesphe  Conj/Chrm      #.......     100%        5    ######.
 Venom Bolt               Conj/Pois      #.........   100%        5    ######.
 Freezing Cloud           Conj/Ice/Air   #.........   100%        6    #######
 Iron Shot                Conj/Erth      #.........   100%        6    #######
 Orb of Destruction       Conj           #.........   100%        7    #######
 Ring of Flames           Chrm/Fire      #.........   100%        7    #######
 Spellforged Servitor     Conj/Summ      #.........   100%        7    #######


Dungeon Overview and Level Annotations

Branches:
Dungeon (9/15)             Temple (0/1) D:4            Lair (1/6) D:9
Ossuary (visited)
    Orc: D:9-12

Altars:
Dithmenos
Gozag
Hepliaklqana
Kikubaaqudgha
Nemelex Xobeh
Okawaru
Qazlal
Ru
Sif Muna
Trog
Uskayaw
Vehumet
Wu Jian
Xom

Shops:
D:5 [   D:8 (

Annotations:
D:5 2 transporters, Froggeryz's ghost, amateur HOFi


Innate Abilities, Weirdness & Mutations

You are too large for most types of armour.
You have claws for hands.
Your metabolism is lightning-fast.
You like to eat raw meat.
Your natural rate of healing is unusually fast.
You are covered in fur. (AC +1)
You have extremely tough skin. (AC +3)


Message History

The iguana barely misses you. The iguana bites you! The iguana bites you!
* * * LOW HITPOINT WARNING * * *
The iguana bites you!
* * * LOW HITPOINT WARNING * * *
You scratch the iguana but do no damage.
You claw the iguana.
The iguana is lightly wounded.
The iguana bites you!
* * * LOW HITPOINT WARNING * * *
You claw the iguana!
The iguana is almost dead.
The iguana barely misses you.
You scratch the iguana but do no damage.
The iguana is almost dead.
You scratch the iguana but do no damage.
The iguana is almost dead.
The iguana bites you!
You die...

..#.#........# #.# $.......P...##
#.# ...##........# #.# .
#...÷...## #.#####
##......####.....##
###.÷........P##..###
#.##†##P#....P≈≈≈.≈P##
#...l#####.#...≈≈≈≈≈≈≈ ##
######....#..@# ###....≈≈≈≈≈#
.###.#..###...#### ###....≈≈≈#
......#...###. #.# #÷..≈#P.#
.####.......## #....##[###≈... ##
#..####PP.. ###.#.....###÷..
#...# ... ... ##....#...#. ###
##..## ..##.. #####..#.....
#.####...# #####P## #...####..#..
....>....###......####.......####


You could see an iguana.

Vanquished Creatures
  Erica (D:9)
  Joseph (D:7)
  A black mamba (Lair:1)
  Psyche (D:8)
  A spiny frog (Lair:1)
  4 komodo dragons (Lair:1)
  Grinder (D:4)
  2 hippogriffs
  4 hogs (D:7)
  A human (D:7)
  Eustachio (D:4)
  3 basilisks (Lair:1)
  Menkaure (D:6)
  A porcupine (Lair:1)
  Duvessa (D:3)
  3 ice beasts
  2 orc warriors
  A phantom (D:8)
  A sky beast (D:6)
  5 ogres
  2 necrophages (D:8)
  A crocodile (Lair:1)
  A centaur (D:9)
  An elf zombie (Ossuary)
  A big kobold (D:8)
  A bullfrog (D:8)
  Dowan (D:3)
  A scorpion (D:9)
  15 killer bees
  A howler monkey (D:6)
  3 crimson imps
  A quasit (D:8)
  2 centaur zombies (D:8)
  A jelly (D:5)
  A hound (D:8)
  3 orc priests
  A bullfrog skeleton (D:6)
  Jessica (D:2)
  4 iguanas (Lair:1)
  3 orc wizards
  Ijyb (D:5)
  Terence (D:2)
  Natasha (twice) (D:4)
  4 worker ants
  A killer bee zombie (D:6)
  A big kobold zombie (Ossuary)
  3 hound skeletons
  2 mummies (Ossuary)
  A howler monkey skeleton (D:5)
  2 adders
  A shadow imp (D:9)
  An adder skeleton (D:7)
  2 adder zombies
  A worm (D:2)
  4 dart slugs
  4 leopard geckos
  23 orcs
  3 ball pythons
  3 bats
  3 giant cockroaches
  5 goblins
  5 hobgoblins
  4 jackals
  6 kobolds
  8 frilled lizards
  4 gnoll zombies (Ossuary)
  A goblin zombie (Ossuary)
  4 hobgoblin zombies (Ossuary)
  A jackal skeleton (D:4)
  3 orc zombies (Ossuary)
  2 rats
187 creatures vanquished.

Vanquished Creatures (others)
  A fungus (Lair:1)
  3 plants (Lair:1)
4 creatures vanquished.

Grand Total: 191 creatures vanquished

Notes
Turn   | Place    | Note
-------+----------+-------------------------------------------
     0 | D:1      | Mrkan the Troll Monk began the quest for the Orb.
     0 | D:1      | Reached XP level 1. HP: 22/22 MP: 0/0
   207 | D:1      | Reached XP level 2. HP: 29/29 MP: 1/1
   799 | D:2      | Reached XP level 3. HP: 35/36 MP: 2/2
   950 | D:2      | Reached skill level 4 in Unarmed Combat
   966 | D:2      | Noticed a +0 dagger
   967 | D:2      | Noticed a +0 hand axe
   971 | D:2      | Found a hide-covered altar of Uskayaw.
   999 | D:2      | Noticed Jessica
  1004 | D:2      | Killed Jessica
  1015 | D:2      | Became a worshipper of Uskayaw the Reveler
  1015 | D:2      | Reached * piety under Uskayaw
  1061 | D:2      | Noticed Terence
  1074 | D:2      | Killed Terence
  1074 | D:2      | Reached XP level 4. HP: 15/45 MP: 3/3
  1074 | D:2      | Reached ** piety under Uskayaw
  1205 | D:2      | Found a shimmering blue altar of Sif Muna.
  1332 | D:3      | Reached *** piety under Uskayaw
  1384 | D:3      | Reached skill level 5 in Unarmed Combat
  1393 | D:3      | Reached XP level 5. HP: 6/53 MP: 4/4
  1393 | D:3      | Reached **** piety under Uskayaw
  2247 | D:4      | Noticed Dowan
  2249 | D:4      | Noticed Duvessa
  2285 | D:3      | Killed Duvessa
  2285 | D:3      | Reached XP level 6. HP: 36/62 MP: 5/5
  2286 | D:3      | Killed Dowan
  2286 | D:3      | Reached skill level 6 in Unarmed Combat
  2336 | D:4      | Found a bloodstained altar of Trog.
  2337 | D:4      | Found a hazy altar of Hepliaklqana.
  2338 | D:4      | Found an ornate altar of the Wu Jian Council.
  2384 | D:4      | Noticed Eustachio
  2416 | D:4      | Killed Eustachio
  2512 | D:4      | Noticed Natasha
  2516 | D:4      | Killed Natasha
  2516 | D:4      | Reached XP level 7. HP: 64/70 MP: 6/6
  2527 | D:4      | Noticed Grinder
  2535 | D:4      | Killed Grinder
  2535 | D:4      | Reached skill level 7 in Unarmed Combat
  2575 | D:4      | Noticed Natasha
  2581 | D:4      | Killed Natasha
  2598 | D:4      | Found a staircase to the Ecumenical Temple.
  2890 | D:5      | Entered Level 5 of the Dungeon
  2890 | D:5      | Found an opulent altar of Gozag.
  2890 | D:5      | Found a sacrificial altar of Ru.
  2892 | D:5      | Found an iron altar of Okawaru.
  3030 | D:5      | Noticed Ijyb
  3040 | D:5      | Reached skill level 8 in Unarmed Combat
  3052 | D:5      | Killed Ijyb
  3052 | D:5      | Reached skill level 5 in Fighting
  3060 | D:5      | Found Osate's Armour Shop.
  3069 | D:5      | Identified the cursed +0 great mace of Fortitude {freeze,
                  | +Rage Int+4 Stlth+}
  3097 | D:5      | Found a radiant altar of Vehumet.
  3227 | D:5      | Reached XP level 8. HP: 47/80 MP: 7/7
  3316 | D:5      | Found an iron altar of Okawaru.
  3316 | D:5      | Found a stormy altar of Qazlal.
  3317 | D:5      | Found an ancient bone altar of Kikubaaqudgha.
  3317 | D:5      | Found a shadowy altar of Dithmenos.
  3317 | D:5      | Found a shimmering altar of Xom.
  3324 | D:5      | Found a sparkling altar of Nemelex Xobeh.
  3433 | D:5      | Found a transporter.
  3437 | D:5      | Noticed Froggeryz's ghost (amateur HOFi)
  3439 | D:5      | Found a transporter.
  3673 | D:6      | Noticed Menkaure
  3679 | D:6      | Killed Menkaure
  3786 | D:6      | Reached skill level 9 in Unarmed Combat
  4874 | D:7      | Reached skill level 10 in Unarmed Combat
  4887 | D:7      | Noticed Joseph
  4897 | D:7      | Killed Joseph
  4897 | D:7      | Reached XP level 9. HP: 83/91 MP: 8/8
  5292 | D:7      | Reached skill level 1 in Throwing
  5409 | D:7      | Reached ***** piety under Uskayaw
  5566 | D:8      | Noticed Psyche
  5614 | D:8      | Killed Psyche
  5614 | D:8      | Reached skill level 5 in Throwing
  5614 | D:8      | Reached XP level 10. HP: 21/102 MP: 9/9
  5614 | D:8      | Reached ****** piety under Uskayaw
  5695 | D:8      | Found a sand-covered staircase.
  5702 | Ossuary  | Entered an ossuary
  6171 | D:8      | Found Wamimy's Weapon Shop.
  7167 | D:9      | Noticed Erica
  7176 | D:9      | Killed Erica
  7714 | D:9      | Found a staircase to the Lair.
  7840 | Lair:1   | Entered Level 1 of the Lair of Beasts
  7877 | Lair:1   | Noticed a black mamba
  7885 | Lair:1   | Killed a black mamba
  8129 | Lair:1   | Noticed a spiny frog
  8137 | Lair:1   | Killed a spiny frog
  8574 | Lair:1   | Reached XP level 11. HP: 102/112 MP: 10/10
  8676 | Lair:1   | Slain by an iguana

Levels and vault maps discovered:
D:1:      dpeg_arrival_arbitrary_b, layout_basic
D:2:      layout_basic, dancing_weapons_uskayaw, lemuel_blue_sif_altar,
          uniq_jessica, uniq_terence
D:3:      layout_basic
D:4:      layout_basic, chequers_temple_overflow_statue_of_worship,
          temple_pool_b, uniq_duvessa, uniq_natasha, uniq_grinder,
          uniq_eustachio
D:5:      layout_basic, grunt_temple_overflow_open, vehumet_altar_wand_db,
          serial_shops, nicolae_shop_behind_doors, first_ration,
          gammafunk_ghost_smash, basic_altar, uniq_ijyb
D:6:      layout_basic, chequers_serial_rivers_marsh, mrwooster_statue_mirror,
          minmay_between, uniq_menkaure
D:7:      layout_basic, grunt_livestock, uniq_joseph
D:8:      layout_basic, nicolae_ossuary_entry_false_entrances, serial_shops,
          shop, hex_tiny, kennysheep_generic_room_6, uniq_psyche
D:9:      layout_loops_corners, lair_entry_dummy, lightli_orcish_oven,
          uniq_erica
Lair:1:   beast_lair_carwin_large_4, layout_loops_ring, lemuel_fruit_fields,
          lemuel_fruit_tree
